Map: Carnage sur Korhal EC

Players

berti - Winner!

  • Race: Protoss Protoss
  • League: Silver
  • Spawn Location: 12:00

zidar

  • Race: Zerg Zerg
  • League: Silver
  • Spawn Location: 9:00

VOD

Have the link to the VOD?

Description

Time

  • Played on: May 11, 2016, 11:17 a.m.
  • Length: 11:45
Show
View Real Time Build Order
Export as new Build Order

berti Protoss - Winner!

Build Orders: Nexus First 

Get SALT Encoding   

  12  0:02  Probe (Chrono Boost)  
  13  0:12  Probe (Chrono Boost)  
  14  0:22  Pylon  
  14  0:23  Probe (Chrono Boost)  
  15  0:40  Probe (Chrono Boost)  
  16  0:50  Probe (Chrono Boost)  
  17  0:59  Nexus  
  17  1:07  Probe (Chrono Boost)  
  18  1:16  Gateway  
  19  1:18  Probe (Chrono Boost)  
  19  1:22  Assimilator  
  19  1:29  Probe (Chrono Boost)  
  20  1:33  Assimilator  
  20  1:39  Probe (Chrono Boost)  
  21  1:49  Pylon  
  21  1:50  Probe (Chrono Boost)  
  22  2:01  Probe (Chrono Boost)  
  23  2:07  Cybernetics Core  
  23  2:11  Probe (Chrono Boost)  
  24  2:16  Probe (Chrono Boost)  
  24  2:20  Zealot, Pylon  
  24  2:22  Probe (Chrono Boost)  
  28  2:30  Probe (Chrono Boost), Pylon  
  29  2:37  Probe (Chrono Boost)  
  29  2:43  Warp Gate (Chrono Boost)  
  30  2:45  Probe  
  30  2:48  Mothership Core  
  33  2:53  Stalker  
  35  3:07  Probe  
  35  3:12  Probe  
  37  3:15  Gateway x2  
  37  3:30  Probe  
  37  3:32  Probe  
  37  3:41  Probe  
  37  3:43  Gateway  
  37  3:44  Stalker  
  39  3:59  Pylon  
  39  4:01  Gateway  
  39  4:03  Pylon  
  43  4:21  Probe, Assimilator  
  43  4:22  Robotics Facility  
  46  4:25  Assimilator  
  40  4:33  Gateway  
  40  4:36  Gateway  
  40  4:38  Sentry x3  
  46  4:40  Probe  
  46  4:41  Probe  
  38  5:03  Sentry x3  
  38  5:04  Probe  
  38  5:05  Probe  
  46  5:10  Warp Prism  
  48  5:14  Probe  
  48  5:17  Probe  
  48  5:25  Zealot  
  50  5:32  Pylon  
  50  5:40  Probe  
  50  5:42  Probe  
  52  5:44  Zealot x2  
  52  5:45  Zealot x3  
  62  5:50  Immortal  
  66  6:07  Gateway  
  66  6:09  Gateway  
  66  6:13  Probe, Pylon  
  66  6:14  Probe  
  66  6:16  Forge  
  68  6:26  Zealot x3  
  74  6:38  Probe, Immortal (Chrono Boost)  
  76  6:40  Probe  
  76  6:45  Protoss Ground Weapons Level 1 (Chrono Boost)  
  78  6:47  Sentry x3  
  78  6:49  Probe  
  78  6:52  Probe  
  86  7:05  Robotics Bay  
  86  7:19  Nexus  
  86  7:27  Adept x2  
  86  7:28  Adept  
  92  7:43  Zealot  
  94  8:04  Pylon  
  94  8:05  Pylon  
  94  8:07  Pylon  
  94  8:08  Pylon  
  94  8:10  Extended Thermal Lance (Chrono Boost)  
  94  8:22  Observer (Chrono Boost)  
  95  8:31  Assimilator  
  95  8:35  Assimilator  
  95  8:43  Colossus (Chrono Boost)  
  95  8:46  Stalker x2  
  95  8:47  Stalker x3  
  111  8:55  Twilight Council  
  111  9:01  Pylon  
  93  9:22  Stalker x3  
  93  9:23  Stalker  
  101  9:25  Probe x2  
  101  9:30  Colossus (Chrono Boost)  
  109  9:42  Zealot  
  111  9:47  Zealot x3  
  111  9:48  Zealot  
  111  10:12  Zealot x3  
  117  10:17  Colossus (Chrono Boost)  
  117  10:18  Probe x2  
  125  10:48  Gateway  
  125  10:49  Gateway  
  125  10:51  Gateway  
  125  10:54  Gateway x2  
  95  11:06  Stalker x3  
  95  11:07  Stalker x2  
  95  11:32  Probe x2  
  97  11:39  Zealot  
  99  11:40  Zealot x4  
Show
View Real Time Build Order
Export as new Build Order

zidar Zerg 

Build Orders: Pool First 

Get SALT Encoding   

  12  0:01  Drone  
  13  0:12  Overlord  
  13  0:17  Drone  
  14  0:30  Drone x2  
  16  0:36  Drone  
  16  0:40  Extractor  
  17  0:54  Spawning Pool  
  17  0:56  Drone  
  17  1:01  Extractor  
  16  1:17  Hatchery  
  15  1:24  Drone  
  15  1:25  Drone  
  17  1:38  Drone  
  17  1:39  Drone  
  19  1:49  Queen  
  21  1:56  Overlord  
  21  2:00  Drone  
  22  2:20  Drone  
  23  2:33  Zergling x6  
  26  2:38  Metabolic Boost  
  26  2:50  Extractor  
  25  2:52  Queen  
  25  2:54  Drone x4  
  31  3:15  Zergling x2  
  31  3:16  Zergling x8  
  33  3:37  Drone  
  33  3:38  Drone x2  
  36  4:15  Roach Warren  
  35  4:20  Overlord  
  35  4:21  Overlord  
  35  4:22  Overlord  
  35  4:39  Drone x6  
  36  5:02  Roach x7  
  50  5:30  Roach  
  52  5:47  Overlord x2  
  52  5:55  Hatchery  
  51  6:00  Ravager  
  52  6:04  Overlord x2  
  52  6:05  Overlord x4  
  52  6:07  Ravager  
  52  6:08  Ravager  
  52  6:11  Roach x5  
  64  6:19  Drone  
  64  6:43  Drone x6  
  70  6:47  Extractor  
  70  6:48  Extractor  
  70  6:50  Zergling x8  
  72  7:01  Lair  
  72  7:11  Queen  
  72  7:12  Evolution Chamber x2  
  72  7:28  Drone x11  
  80  8:06  Spire  
  79  8:13  Roach x8  
  79  8:14  Roach x2, Zergling x10  
  104  8:52  Zerg Missile Weapons Level 1  
  75  9:21  Roach x10  
  75  9:22  Roach x9  
  111  9:26  Ravager x10  
  121  10:14  Overlord x3  
  121  10:31  Drone  
  121  10:32  Drone x4  
  121  10:34  Drone x4  
  130  10:46  Roach x3  
  92  11:09  Zergling x2  
  92  11:10  Zergling x20  
  73  11:22  Zergling x10  
  73  11:23  Zergling x6  
Tags
 
Add a new tag
Caveats
  • Supply blocks, unpowered buildings, or Contaminate may cause inaccurate times.
  • Supply counts are checked every 10 seconds.